Map: Port Aleksander EC

Players

Steve - Winner!

  • Race: Terran Terran
  • League: Diamond
  • Spawn Location: 11:00

Sorandom

  • Race: Zerg Zerg
  • League: Diamond
  • Spawn Location: 5:00

VOD

Have the link to the VOD?

Description

Time

  • Played on: April 10, 2019, 10:06 a.m.
  • Length: 6:27
Show
View Real Time Build Order
Export as new Build Order

Steve Terran - Winner!

Build Orders: Command Center First (CC) 

Get SALT Encoding   

  12  0:01  SCV  
  13  0:13  SCV  
  14  0:25  SCV  
  15  0:36  Supply Depot  
  15  0:55  Command Center  
  15  0:59  SCV  
  16  1:07  Refinery  
  16  1:11  SCV  
  17  1:19  Refinery  
  17  1:23  SCV  
  18  1:36  SCV  
  19  1:43  Engineering Bay  
  19  1:48  SCV  
  20  2:00  SCV  
  21  2:27  Planetary Fortress  
  21  2:33  Command Center  
  21  2:58  Barracks  
  21  3:00  Hi-Sec Auto Tracking  
  21  3:08  SCV  
  22  3:12  Planetary Fortress  
  22  3:20  SCV  
  23  3:32  SCV  
  24  3:44  SCV  
  24  3:45  Orbital Command  
  25  4:07  Factory  
  25  4:10  Missile Turret  
  25  4:12  SCV  
  25  4:14  Missile Turret  
  26  4:22  Neosteel Armor  
  26  4:29  SCV  
  26  4:30  SCV  
  28  4:34  Barracks Tech Lab  
  28  4:41  SCV  
  28  4:45  SCV  
  30  4:58  SCV x2  
  32  5:01  Siege Tank  
  35  5:09  Marine  
  36  5:28  Barracks Reactor  
  36  5:34  Siege Tank  
  39  5:47  SCV x3  
  42  5:59  SCV, Factory  
  42  6:01  Missile Turret x2  
  42  6:03  Missile Turret  
  43  6:04  Missile Turret, Armory  
  43  6:06  SCV  
  43  6:07  Supply Depot  
Show
View Real Time Build Order
Export as new Build Order

Sorandom Zerg 

Build Orders: Pool First 

Get SALT Encoding   

  12  0:05  Drone  
  13  0:13  Overlord  
  13  0:20  Drone  
  14  0:31  Drone  
  14  0:32  Drone  
  16  0:40  Drone  
  17  0:48  Spawning Pool  
  16  0:53  Extractor, Drone  
  16  1:01  Drone  
  17  1:21  Hatchery  
  17  1:24  Drone  
  17  1:29  Drone  
  18  1:35  Zergling x2  
  19  1:43  Queen  
  21  1:51  Overlord  
  21  1:57  Drone  
  22  2:04  Metabolic Boost  
  22  2:09  Overlord  
  22  2:14  Zergling x2  
  23  2:23  Queen  
  23  2:28  Drone  
  26  2:36  Zergling x2  
  28  2:37  Zergling x2  
  28  2:53  Spine Crawler  
  28  2:54  Spine Crawler  
  26  3:00  Queen  
  28  3:07  Drone x2  
  30  3:15  Drone x3  
  33  3:23  Drone  
  33  3:24  Drone  
  35  3:29  Zergling x4  
  36  3:58  Zergling x4  
  36  3:59  Zergling x8  
  42  4:03  Baneling Nest  
  42  4:05  Overlord x2  
  38  4:16  Lair  
  38  4:28  Drone x5  
  43  4:34  Overlord  
  43  4:47  Baneling, Drone  
  43  4:48  Drone x6  
  50  5:04  Drone x5  
  55  5:08  Extractor  
  55  5:12  Extractor  
  53  5:17  Spire  
  52  5:33  Drone x2  
  52  5:34  Drone  
  55  5:37  Drone x2  
  55  5:38  Drone  
  55  5:39  Extractor  
Tags
 
Add a new tag
Caveats
  • Supply blocks, unpowered buildings, or Contaminate may cause inaccurate times.
  • Supply counts are checked every 10 seconds.